 Dungeon Crawl Stone Soup version 0.26-a0-854-gdc81c2f471 (webtiles) character file.

Game seed: 7031913008461561106

276 Pestilence the Chiller (level 6, 0/41 HPs)
             Began as a Barachi Ice Elementalist on Nov 22, 2020.
             Slain by Grinder (5 damage)
             ... while paralysed by Grinder
             ... on level 3 of the Dungeon.
             The game lasted 00:06:27 (5168 turns).

Pestilence the Chiller (Barachi Ice Elementalist)   Turns: 5168, Time: 00:06:28

Health: 0/41       AC:  3    Str:  9    XL:     6   Next: 25%
Magic:  6/12       EV:  2    Int: 17    God:
Gold:   149        SH:  0    Dex: 13    Spells: 2/13 levels left

rFire    . . .     SeeInvis .   g - +0 falchion
rCold    . . .     Faith    .   (no shield)
rNeg     . . .     Spirit   .   a - +0 robe
rPois    .         Reflect  .   (no helmet)
rElec    .         Harm     .   (no cloak)
rCorr    .         Rampage  .   e - +0 pair of gloves
MR       .....                  (no boots)
Stlth    ++........             j - amulet of the acrobat
HPRegen  0.13/turn              (no ring)
MPRegen  0.13/turn              (no ring)

@: paralysed, mighty, slow
A: +LOS, swims, slowness 1, strong legs 1
a: Hop


You were on level 3 of the Dungeon.
You visited 1 branch of the dungeon, and saw 3 of its levels.
You also visited: Sewer.

You collected 149 gold pieces.

Inventory:

Hand Weapons
 g - a +0 falchion (weapon)
Armour
 a - a +0 robe (worn)
 e - a +0 pair of gloves (worn)
Jewellery
 b - a cursed amulet of regeneration
 j - an amulet of the acrobat (around neck)
Wands
 c - a wand of polymorph (9)
 l - a wand of flame (6)
Scrolls
 k - a scroll of fog
 m - 2 scrolls of enchant weapon
 n - 2 scrolls of teleportation
Potions
 d - 2 potions of might
 f - 2 potions of flight
 h - 3 potions of curing


   Skills:
 + Level 4.3 Dodging
 - Level 1.7 Stealth
 + Level 4.1 Spellcasting
 + Level 6.4 Ice Magic


You had 2 spell levels left.
You knew the following spells:

 Your Spells              Type           Power        Failure   Level
a - Freeze                Ice            ####         1%          1
b - Frozen Ramparts       Ice            ####..       3%          3
c - Ozocubu's Armour      Ice            ####....     3%          3
d - Summon Ice Beast      Ice/Summ       ##......     38%         4

Your spell library contained the following spells:

 Spells                   Type           Power        Failure   Level
 Hailstorm                Conj/Ice       ##......     38%         4


Dungeon Overview and Level Annotations

Branches:
Dungeon (3/15)              Sewer (visited)

Altars:

Annotations:
D:3 Grinder


Innate Abilities, Weirdness & Mutations

You can be seen from farther away. (+LOS)
You can swim through water.
You cover ground slowly.
You can hop short distances.


Message History

Grinder hits you.
* * * LOW HITPOINT WARNING * * *
You writhe in agony.
* * * LOW HITPOINT WARNING * * *
Casting: Frozen Ramparts (dangerous; 3% risk of failure)
Confirm with . or Enter, or press ? or * to list all spells.
Okay, then.
You closely miss Grinder.
Grinder is moderately wounded.
Grinder closely misses you.
You slash Grinder!
Grinder is heavily wounded.
Grinder misses you.
You riposte.
You closely miss Grinder.
Grinder is heavily wounded.
You closely miss Grinder.
Grinder is heavily wounded.
Grinder gestures at you.
You suddenly lose the ability to move!
Grinder hits you.
You die...

*,,*,***********#....##..........
*,,*,* #....#####...#... *,,*,*
#....# #...#...
*,,*,*****#######....#####.###...
,,,,,,,,,,,.........[.........>..
,,,,,,,,,,,,,......####.##.####..
,,,*,*,,,,,,,,#.##.####.##.# #..
,,,*,*,,,,,,*,#.........##.# #..
,,,*,******,*,#.@#.......#.# #..
**,,,,,,.,,,,,#.5#.####.##.# ###
,,,,,,,,..#,**#..#.# #....#
,,,,,,,,....,*#..#.# #.####
*****,**#.#..##..#.# #.#
,,,,,,,,.........#.# #.# ******
****,,**#.#..#..†#.# #.# *,,,,*
,,,,,,,,*,#.,#...#.#* *.# *,,,,*
**,,,,,,*,#,,#...#..***,* *,,,,**


You could see Grinder.

Vanquished Creatures
  An orc wizard (D:2)
  Ijyb (D:3)
  Robin (D:2)
  10 adders
  4 worms
  3 leopard geckos
  An orc (D:3)
  11 bats
  4 giant cockroaches
  13 goblins
  14 hobgoblins
  10 jackals
  16 kobolds
  2 ball pythons (Sewer)
  8 frilled lizards
  5 rats
104 creatures vanquished.

Vanquished Creatures (others)
  17 plants (Sewer)
17 creatures vanquished.

Grand Total: 121 creatures vanquished

Notes
Turn   | Place    | Note
-------+----------+-------------------------------------------
     0 | D:1      | Pestilence the Barachi Ice Elementalist began the quest for
                  | the Orb.
     0 | D:1      | Reached XP level 1. HP: 13/13 MP: 3/3
   297 | D:1      | Reached skill level 5 in Ice Magic
   552 | D:1      | Reached XP level 2. HP: 17/19 MP: 1/5
  1232 | D:1      | Reached XP level 3. HP: 24/24 MP: 4/7
  1363 | D:1      | Learned a level 3 spell: Frozen Ramparts
  1367 | D:1      | Learned a level 3 spell: Ozocubu's Armour
  1984 | D:2      | Reached XP level 4. HP: 30/30 MP: 4/8
  2051 | D:2      | Noticed Robin
  2075 | D:2      | Killed Robin
  2902 | D:2      | Reached XP level 5. HP: 35/35 MP: 5/10
  3198 | D:2      | Reached skill level 6 in Ice Magic
  3423 | D:3      | Noticed Grinder
  3508 | D:3      | Noticed Ijyb
  3523 | D:3      | Killed Ijyb
  3598 | D:3      | Found a glowing drain.
  3610 | Sewer    | Entered a sewer
  3808 | Sewer    | Reached XP level 6. HP: 40/41 MP: 6/11
  5053 | D:3      | Learned a level 4 spell: Summon Ice Beast
  5131 | D:3      | Paralysed by Grinder for 7 turns
  5167 | D:3      | Paralysed by Grinder for 4 turns
  5168 | D:3      | Slain by Grinder

Illustrated notes

Levels and vault maps discovered:
D:1:      psy_arrival_spokes, layout_basic
D:2:      layout_basic, minmay_heptomino_o4, uniq_robin
D:3:      layout_basic, cheibrodos_sewer_entry_bend, uniq_ijyb, uniq_grinder

Skill      XL: |  1  2  3  4  5  6 |
---------------+-------------------+-----
Ice Magic      | 5 6 |  6.4
Dodging        | 3 4 |  4.3
Spellcasting   | 3 4 |  4.1
Stealth        | |  1.7

Action                   |  1- 3 |  4- 6 || total
-------------------------+-------+-------++-------
Melee: Unarmed           |    22 |    13 ||    35
       Club              |       |     4 ||     4
       Falchion          |       |    56 ||    56
 Cast: Freeze            |    38 |    21 ||    59
       Frozen Ramparts   |     3 |    22 ||    25
  Use: Scroll            |     5 |     9 ||    14
       Potion            |       |     5 ||     5
 Stab: Sleeping          |     1 |     2 ||     3
Armor: Robe              |    19 |    26 ||    45
Dodge: Dodged            |    46 |   113 ||   159
       Rpst.: Falchion   |       |    25 ||    25

Table legend: (Time is in decaauts)
 A = Elapsed time spent in this place.
 B = Non-inter-level travel time spent in this place.
 C = Inter-level travel time spent in this place.
 D = Time resting spent in this place.
 E = Time spent auto-exploring this place.
 F = Levels seen in this place.
 G = Mean time per level.
                   A        B        C        D        E       F      G
               +--------+--------+--------+--------+--------+-----+--------+
         Total |   5657 |   5500 |    157 |   1774 |   2767 |   4 | 1414.2 |
       Dungeon |   4242 |   4085 |    157 |   1129 |   2304 |   3 | 1414.0 |
         Sewer |   1415 |   1415 |      0 |    645 |    462 |   1 | 1415.0 |
               +--------+--------+--------+--------+--------+-----+--------+

Top non-repeatable levels by time:
     D:1: 2011 daAuts
     D:2: 1745 daAuts
   Sewer: 1415 daAuts
     D:3: 485 daAuts
